 Dungeon Crawl Stone Soup version 0.27-a0-869-g165b36e3f0 (webtiles) character file.

Game seed: 895827640065935493

95 jestyr24 the Covered (level 4, -1/36 HPs)
             Began as a Minotaur Fighter on Apr 2, 2021.
             Was a Follower of Okawaru.
             Slain by a bullfrog skeleton (3 damage)
             ... on level 3 of the Dungeon on Apr 3, 2021.
             The game lasted 00:07:23 (1913 turns).

jestyr24 the Covered (Minotaur Fighter)             Turns: 1913, Time: 00:07:24

Health: -1/36      AC:  9    Str: 21    XL:     4   Next: 39%
Magic:  3/3        EV:  7    Int:  5    God:    Okawaru [*.....]
Gold:   110        SH:  9    Dex: 10    Spells: 3/3 levels left

rFire    . . .     SeeInvis .   a - +0 long sword
rCold    . . .     Faith    .   c - +0 kite shield
rNeg     . . .     Spirit   .   b - +0 scale mail
rPois    .         Reflect  .   (helmet restricted)
rElec    .         Harm     .   e - scarf {shadows}
rCorr    .         Rampage  .   (no gloves)
Will     +....                  (no boots)
Stlth    ..........             (no amulet)
HPRegen  0.12/turn              (no ring)
MPRegen  0.08/turn              (no ring)

@: no status effects
A: horns 2, retaliatory headbutt, iridescent scales 1, frail 1, strong-willed 1
a: Renounce Religion, Heroism


You were on level 3 of the Dungeon.
You worshipped Okawaru.
Okawaru was aware of your devotion.
You visited 1 branch of the dungeon, and saw 3 of its levels.

You collected 110 gold pieces.

Inventory:

Hand Weapons
 a - a +0 long sword (weapon)
 j - a +2 short sword of speed
 n - a +5 club
Missiles
 g - 10 poisoned darts (quivered)
Armour
 b - a +0 scale mail (worn)
 c - a +0 kite shield (worn)
 e - a scarf of shadows (worn)
Scrolls
 f - a scroll of fear {unknown}
 i - a scroll of noise {unknown}
 m - a scroll of silence {unknown}
 o - a scroll of blinking {unknown}
Potions
 d - 2 potions of might
 l - a potion of haste {unknown}


   Skills:
 + Level 4.2 Fighting
 + Level 3.7 Long Blades
 + Level 4.4 Armour
 + Level 0.6 Dodging
 + Level 0.1 Stealth
 + Level 4.3 Shields


You had 3 spell levels left.
You didn't know any spells.
Your spell library was empty.

Dungeon Overview and Level Annotations

Branches:
Dungeon (3/15)

Altars:
Okawaru


Innate Abilities, Weirdness & Mutations

You have a pair of horns on your head.
You reflexively headbutt those who attack you in melee.
You are partially covered in iridescent scales. (AC +2)
You are frail. (-10% HP)
You are strong-willed. (Will+)


Message History

Your scale mail prevents you from hitting the orc.
The orc hits you but does no damage.
You hit the orc but do no damage.
The orc priest begins to cast a cantrip, but forgets the words!
You hit the orc.
The orc is lightly wounded.
The orc priest calls down the wrath of Beogh upon you.
Beogh smites you! You block the orc's attack.
You closely miss the orc.
The orc is lightly wounded.
The orc closely misses you. You furiously retaliate!
You headbutt the orc!
You kill the orc!
Okawaru accepts your kill.
You closely miss the orc. The orc hits you with a +0 whip.
The orc priest calls down the wrath of Beogh upon you.
Beogh smites you!
* * * LOW HITPOINT WARNING * * *
You block the orc's attack.
You hit the orc. Your headbutt misses the orc.
The orc is lightly wounded.
The orc barely misses you.
You riposte.
You closely miss the orc.
The orc is lightly wounded.
You hit the orc but do no damage. You headbutt the orc.
The orc is moderately wounded.
The orc priest looks encouraged for a moment.
You block the orc's attack. The orc hits you with a +0 whip.
* * * LOW HITPOINT WARNING * * *
Your shield prevents you from hitting the orc.
You headbutt the orc.
You kill the orc!
Okawaru accepts your kill.
The bullfrog skeleton hits you but does no damage.
You barely miss the bullfrog skeleton. You headbutt the bullfrog skeleton!
The bullfrog skeleton is severely damaged.
The bullfrog skeleton barely misses you.
You furiously retaliate!
You headbutt the bullfrog skeleton.
You riposte.
You hit the bullfrog skeleton.
The bullfrog skeleton is almost destroyed.
The bullfrog skeleton hits you.
You die...

...# ##..##
#.... # #...#
.#
#.#...##...
###.......o.#
#......o#
#.#####Z# #@#
#.# # #.#
#.#####.#
#.......#
####.#### #.#
#.# #.####


You could see an orc priest and a bullfrog skeleton.

Vanquished Creatures
  Jessica (D:2)
  A worm (D:2)
  2 orcs (D:3)
  4 ball pythons
  A bat (D:2)
  5 endoplasms
  7 giant cockroaches
  3 goblins
  10 hobgoblins
  9 jackals
  A quokka (D:1)
  3 frilled lizards (D:1)
  2 kobolds
  4 rats
53 creatures vanquished.

Notes
Turn   | Place    | Note
-------+----------+-------------------------------------------
     0 | D:1      | jestyr24 the Minotaur Fighter began the quest for the Orb.
     0 | D:1      | Reached XP level 1. HP: 19/19 MP: 0/0
   310 | D:1      | Reached XP level 2. HP: 24/27 MP: 1/1
   707 | D:1      | Reached XP level 3. HP: 33/33 MP: 2/2
  1322 | D:2      | Found a faded altar of an unknown god.
  1329 | D:2      | Became a worshipper of Warmaster Okawaru
  1329 | D:2      | Reached * piety under Okawaru
  1628 | D:2      | Noticed Jessica
  1631 | D:2      | Killed Jessica
  1632 | D:2      | Reached XP level 4. HP: 20/40 MP: 3/3
  1784 | D:2      | Gained mutation: You are frail. (-10% HP) [potion of
                  | mutation]
  1784 | D:2      | Gained mutation: You are strong-willed. (Will+) [potion of
                  | mutation]
  1784 | D:2      | Gained mutation: You are partially covered in iridescent
                  | scales. (AC +2) [potion of mutation]
  1911 | D:3      | HP: 1/36 [orc/+0 whip (2)]
  1913 | D:3      | Slain by a bullfrog skeleton

Illustrated notes

Levels and vault maps discovered:
D:1:      lightli_molten_gateway, layout_basic
D:2:      layout_loops_cross, basic_ecumenical_altar, minmay_worlds_worst_comb,
          uniq_jessica
D:3:      layout_loops_cross

Skill      XL: |  1  2  3 |
---------------+----------+-----
Fighting       | 4 |  4.2
Long Blades    | 3 |  3.7
Armour         | 4 |  4.4
Shields        | 4 |  4.3
Dodging        | |  0.6
Stealth        | |  0.1

Action                   |  1- 3 |  4- 6 || total
-------------------------+-------+-------++-------
Melee: Long sword        |   115 |    14 ||   129
       Headbutt          |    17 |     3 ||    20
  Use: Scroll            |     1 |     1 ||     2
       Potion            |       |     1 ||     1
Armor: Scale mail        |    54 |     4 ||    58
Dodge: Dodged            |    40 |     4 ||    44
Block: Kite shield       |    74 |     8 ||    82
       Rpst.: Long sword |    12 |     2 ||    14

Table legend: (Time is in decaauts)
 A = Elapsed time spent in this place.
 B = Non-inter-level travel time spent in this place.
 C = Inter-level travel time spent in this place.
 D = Time resting spent in this place.
 E = Time spent auto-exploring this place.
 F = Levels seen in this place.
 G = Mean time per level.
                   A        B        C        D        E       F      G
               +--------+--------+--------+--------+--------+-----+--------+
         Total |   1971 |   1926 |     45 |    140 |   1283 |   3 |  657.0 |
       Dungeon |   1971 |   1926 |     45 |    140 |   1283 |   3 |  657.0 |
               +--------+--------+--------+--------+--------+-----+--------+

Top non-repeatable levels by time:
     D:1: 1082 daAuts
     D:2: 849 daAuts
     D:3: 39 daAuts
